 Dungeon Crawl Stone Soup version 0.23.0-3-gf3c87f2 (webtiles) character file.

Game seed: 3382518419832782422

51 Inarius the Covered (level 3, -6/29 HPs)
             Began as a Minotaur Wanderer on Feb 22, 2019.
             Mangled by a gnoll
             ... wielding a +0 halberd
              (8 damage)
             ... on level 2 of the Dungeon.
             The game lasted 00:01:26 (1277 turns).

Inarius the Covered (Minotaur Wanderer)             Turns: 1277, Time: 00:01:27

Health: -6/29      AC:  9    Str: 17    XL:     3   Next: 57%
Magic:  3/3        EV:  7    Int:  9    God:
Gold:   66         SH:  0    Dex:  9    Spells: 4/4 levels left

rFire    . . .     SeeInvis .   a - +2 mace
rCold    + . .     Gourm    .   (no shield)
rNeg     . . .     Faith    .   l - +0 chain mail
rPois    .         Spirit   .   (helmet restricted)
rElec    .         Reflect  .   (no cloak)
rCorr    .         Harm     .   (no gloves)
MR       .....                  (no boots)
Stlth    ..........             (no amulet)
HPRegen  0.09/turn              k - ring of protection from cold
MPRegen  0.08/turn              (no ring)

@: no status effects
A: retaliatory headbutt, horns 2
a: no special abilities


You were on level 2 of the Dungeon.
You were not hungry.

You visited 1 branch of the dungeon, and saw 2 of its levels.

You collected 66 gold pieces.

Inventory:

Hand Weapons
 a - a +2 mace (weapon)
Armour
 l - a +0 chain mail (worn)
Jewellery
 k - a ring of protection from cold (left hand)
Scrolls
 b - a scroll of amnesia {unknown}
 c - 2 scrolls of teleportation
 e - 2 scrolls of identify {unknown}
 f - a scroll of fog {unknown}
 g - a scroll of remove curse {unknown}
 i - a scroll of fear {unknown}
 m - a scroll of random uselessness {unknown}
Potions
 j - a potion of flight {unknown}
 n - a potion of might {unknown}
Comestibles
 d - 5 rations


   Skills:
 * Level 1.7 Fighting
 - Level 1.2 Maces & Flails
 * Level 5.4 Armour
 + Level 1.0 Stealth
   Level 1.2 Shields
 + Level 1.0 Spellcasting
   Level 1.0 Summonings
   Level 1.0 Transmutations


You had 4 spell levels left.
You didn't know any spells.
Your spell library was empty.

Dungeon Overview and Level Annotations

Branches:
Dungeon (2/15)

Altars:


Innate Abilities, Weirdness & Mutations

You reflexively headbutt those who attack you in melee.
You have a pair of horns on your head.


Message History

You headbutt the gnoll, but do no damage.
The gnoll is severely wounded.
The gnoll barely misses you. The gnoll hits you but does no damage.
The gnoll hits you from afar with a +0 halberd.
The gnoll closely misses you.
You hit the gnoll.
The gnoll is almost dead.
The gnoll hits you with a +0 spear. The gnoll barely misses you.
You barely miss the gnoll. Your headbutt misses the gnoll.
The gnoll is almost dead.
The gnoll hits you with a +0 spear.
The gnoll hits you from afar with a +0 halberd!
You are too injured to fight recklessly!
You are too injured to fight recklessly!
You closely miss the gnoll.
The gnoll is almost dead.
The gnoll hits you with a +0 spear!
* * * LOW HITPOINT WARNING * * *
The gnoll hits you from afar with a +0 halberd!
You die...

#.# #.#.. #####.####
###...# #........#
##.>..##
#........########
###..##...
#........##.....##
#...#####.
#........#.......####.###
#
#.....................###
#....[..................#
#............@.......####
#...........<.g...####
#.............g...#
#.................#
#########...).....#
#.......>.# #.........#
#.........# ##.......##


You could see 2 gnolls.

Vanquished Creatures
  2 gnolls
  A worm (D:2)
  2 dart slugs (D:1)
  A leopard gecko (D:1)
  A goblin (D:1)
  5 hobgoblins
  3 kobolds (D:1)
  A quokka (D:2)
  3 bats (D:1)
  3 frilled lizards
  3 rats
25 creatures vanquished.

Notes
Turn   | Place    | Note
-------+----------+-------------------------------------------
     0 | D:1      | Inarius the Minotaur Wanderer began the quest for the Orb.
     0 | D:1      | Inarius set off with the following items: a +2 mace, a +0
                  | ring mail, a scroll of teleportation, a ration
     0 | D:1      | Reached XP level 1. HP: 16/16 MP: 1/1
   135 | D:1      | Reached skill level 4 in Armour
   182 | D:1      | Reached XP level 2. HP: 20/23 MP: 2/2
   694 | D:2      | Reached skill level 5 in Armour
   694 | D:2      | Reached XP level 3. HP: 21/28 MP: 3/3
  1277 | D:2      | Mangled by a gnoll

Skill      XL: |  1  2 |
---------------+-------+-----
Armour         | 4 5 |  5.4
Fighting       | |  1.7
Maces & Flails | |  1.2
Stealth        | |  1.0
Shields        | |  1.2
Spellcasting   | |  1.0
Summonings     | |  1.0
Transmutations | |  1.0

Action                   || total
-------------------------++-------
Melee: Mace              ||    61
       Headbutt          ||    10
  Eat: Chunk             ||     1
Armor: Ring mail         ||    24
       Chain mail        ||    13
Dodge: Dodged            ||    48
